details: 'fail militia rush tower'

« prev index next »

General information

Mini Map

Players

team 1
Random» Undeadbhpliu (orange | 23 APM | 75 actions | 03:12)
Hero icon 1 Crypt Lord
Ability icon 1 Carrion Beetles

» actions
Basic commands2
Build / train9
Enter build submenu8
Enter hero's abilities submenu1
Right click16
Select / deselect33
Use ability6
75 total
» units
Acolyte2
Ghoul4
Crypt Fiend1
7 total
» buildings
Crypt1
Ziggurat2
Altar of Darkness1
Graveyard1
Tomb of Relics1
6 total
» build order
00:12 Crypt
00:14 Ziggurat
00:36 Altar of Darkness
01:04 Graveyard
01:38 Ziggurat
01:58 Tomb of Relics
Random» OrcTH3MA1NK1LLAH (yellow | 17 APM | 54 actions | 03:05)
Hero icon 1 Shadow Hunter
Ability icon 1 Healing Wave

» actions
Basic commands1
Build / train8
Enter build submenu7
Enter hero's abilities submenu1
Right click12
Select / deselect20
Use ability5
54 total
» units
Peon6
6 total
» buildings
Altar of Storms1
Orc Burrow2
Barracks1
War Mill1
5 total
» build order
00:22 Altar of Storms
00:39 Orc Burrow
00:56 Barracks
01:23 War Mill
02:08 Orc Burrow
Random» HumanUchiha.An (red | 76 APM | 222 actions | 02:54)

» actions
Basic commands7
Build / train12
Enter build submenu6
Remove unit from queue1
Right click35
Select / deselect150
Use ability11
222 total
» units
Peasant6
6 total
» buildings
Lumber Mill1
Scout Tower5
Guard Tower5
11 total
» build order
00:25 Lumber Mill
01:11 Scout Tower
01:14 Scout Tower
01:22 Scout Tower
01:25 Scout Tower
01:28 Scout Tower
01:41 Guard Tower
01:43 Guard Tower
01:52 Guard Tower
Random» OrcStonedMrWeedy (purple | 26 APM | 79 actions | 03:00)

» actions
Build / train11
Enter build submenu4
Right click21
Select / deselect39
Use ability4
79 total
» units
Peon6
Grunt3
9 total
» upgrades
Pillage1
1 total
» buildings
Altar of Storms1
Barracks1
Orc Burrow2
4 total
» build order
00:05 Altar of Storms
00:07 Barracks
00:32 Orc Burrow
01:44 Orc Burrow
team 2
Humanraphaelfairbank (blue | 32 APM | 104 actions | 03:13)
Hero icon 1 Archmage
Ability icon 1 Summon Water Elemental

» actions
Build / train11
Enter build submenu6
Enter hero's abilities submenu1
Right click46
Select / deselect32
Use ability8
104 total
» units
Peasant6
Footman3
9 total
» buildings
Altar of Kings1
Farm2
Barracks1
Lumber Mill1
5 total
» build order
00:28 Altar of Kings
00:40 Farm
00:55 Farm
01:25 Barracks
01:28 Lumber Mill
Orcmomimbusy (pink | 18 APM | 57 actions | 03:13)

» actions
Build / train9
Enter build submenu4
Right click15
Select / deselect25
Use ability4
57 total
» units
Peon8
8 total
» buildings
Orc Burrow2
Altar of Storms1
War Mill1
4 total
» build order
00:14 Orc Burrow
00:56 Altar of Storms
01:57 Orc Burrow
02:42 War Mill
NightElfHoneyBlunt (green | 42 APM | 137 actions | 03:16)
Hero icon 1 Keeper of the Grove
Ability icon 1 Force of Nature

» actions
Build / train12
Enter build submenu6
Enter hero's abilities submenu1
Right click40
Select / deselect67
Use ability11
137 total
» units
Wisp9
Archer1
10 total
» buildings
Altar of Elders1
Moon Well1
Ancient of War4
6 total
» build order
00:20 Altar of Elders
00:34 Moon Well
00:40 Ancient of War
01:43 Ancient of War
01:55 Ancient of War
02:09 Ancient of War
Random» Human13lood_Knight (teal | 21 APM | 68 actions | 03:13)
Hero icon 1 Mountain King
Ability icon 1 Storm Bolt

» actions
Build / train13
Enter build submenu8
Enter hero's abilities submenu1
Right click12
Select / deselect27
Use ability7
68 total
» units
Peasant6
Footman5
11 total
» buildings
Altar of Kings1
Farm3
Barracks1
Lumber Mill1
Blacksmith1
7 total
» build order
00:07 Altar of Kings
00:12 Farm
00:36 Barracks
00:52 Lumber Mill
01:14 Farm
02:12 Farm
02:57 Blacksmith

Chat log

(00:18 / Allies) momimbusy: plan?
(00:25 / Allies) HoneyBlunt: 2v2v2v2
(01:04 / Allies) HoneyBlunt: yes.
(01:05 / Allies) 13lood_Knight: well then
(01:10 / Allies) HoneyBlunt: its ok
(01:13 / Allies) HoneyBlunt: cant do anything
(01:33 / Allies) HoneyBlunt: wood plz
(01:34 / Allies) HoneyBlunt: i can do it
(01:35 / Allies) HoneyBlunt: wood
(01:55 / Allies) 13lood_Knight: hmmm
(02:44 / Allies) HoneyBlunt: back
(02:45 / Allies) HoneyBlunt: i got
(03:03 / Allies) 13lood_Knight: sweet
(03:04 / All) HoneyBlunt: :)